 Dungeon Crawl Stone Soup version 0.23.2-33-g5129a83184 (webtiles) character file.

Game seed: 17718569021029307698

158493 FishyPogo the Warrior (level 16, -4/155 HPs)
             Began as a Green Draconian Berserker on Aug 1, 2019.
             Was a High Priest of Trog.
             Slain by a spriggan rider
             ... wielding a +0 long sword
             ... led by the Enchantress
              (7 damage)
             ... on level 1 of the Depths on Aug 2, 2019.
             The game lasted 07:48:59 (42638 turns).

FishyPogo the Warrior (Green Draconian Berserker)  Turns: 42638, Time: 07:49:00

Health: -4/155     AC: 16    Str: 22    XL:     16   Next: 87%
Magic:  19/19      EV: 23    Int: 10    God:    Trog [*****.]
Gold:   1890       SH:  8    Dex: 15    Spells: 15/15 levels left

rFire    . . .     SeeInvis .   a - +10 falchion "Dragon's Tongue" {slice, *Noise +Fly rN+ Int+2}
rCold    . . .     Gourm    .   C - +2 buckler
rNeg     + . .     Faith    .   (armour unavailable)
rPois    +         Spirit   .   T - +2 hat
rElec    .         Reflect  .   R - scarf {cloud immunity}
rCorr    .         Harm     .   (no gloves)
MR       ++...                  J - +1 pair of boots
Stlth    ++++......             Q - amulet of the acrobat
HPRegen  0.35/turn              V - ring of protection from magic
MPRegen  0.16/turn              L - +3 ring of protection

@: lethally poisoned (-4 -> -5), lightly drained
A: breathe noxious fumes, unfitting armour, stinger 1, poison resistance,
cold-blooded, AC +9
}: 1/15 runes: decaying
a: Breathe Noxious Fumes, Berserk, Trog's Hand, Brothers in Arms, Renounce
Religion, Evoke Flight


You were on level 1 of the Depths.
You worshipped Trog.
Trog was extremely pleased with you.
You were not hungry.

You visited 5 branches of the dungeon, and saw 28 of its levels.
You visited 1 bazaar.

You collected 2588 gold pieces.
You spent 698 gold pieces at shops.

Inventory:

Hand Weapons
 a - the +10 falchion "Dragon's Tongue" (weapon) {slice, *Noise +Fly rN+ Int+2}
   (You bought it in a shop in a bazaar)

   It inflicts extra damage upon your enemies.
   It affects your intelligence (+2).
   It protects you from negative energy.
   It lets you fly.
   It may make noises in combat.
 b - a +4 falchion of flaming
 u - a +4 antimagic double sword
Missiles
 f - 397 stones (quivered)
Armour
 w - a +1 shield of reflection
 y - a +1 hat
 C - a +2 buckler (worn)
 J - a +1 pair of boots (worn)
 R - a scarf of cloud immunity (worn)
 T - a +2 hat (worn)
Jewellery
 d - an uncursed ring of ice
 o - an uncursed amulet of guardian spirit
 t - an uncursed ring of protection from cold
 I - an uncursed ring of magical power
 L - a +3 ring of protection (right hand)
 Q - an amulet of the acrobat (around neck)
 V - a ring of protection from magic (left hand)
Wands
 s - a wand of digging (2)
 x - a wand of random effects (44)
 D - a wand of paralysis (13)
 E - a wand of polymorph (17)
 F - a wand of scattershot (5)
 K - a wand of flame (57)
 O - a wand of acid (8)
 U - a wand of iceblast (7)
Scrolls
 g - 14 scrolls of identify
 k - 5 scrolls of enchant weapon
 l - 3 scrolls of teleportation
 p - 9 scrolls of magic mapping
 r - 7 scrolls of enchant armour
 v - 5 scrolls of remove curse
 G - a scroll of summoning
 H - a scroll of immolation
 S - 2 scrolls of fog
 Z - a scroll of silence
Potions
 c - 4 potions of lignification
 e - a potion of haste
 h - 4 potions of might
 i - 13 potions of curing
 m - 2 potions of agility
 z - 3 potions of flight
 N - a potion of invisibility
 X - 3 potions of magic
Miscellaneous
 Y - a lamp of fire
Comestibles
 j - 2 chunks of flesh
 n - 43 rations


   Skills:
 * Level 17.3(16.9) Fighting
 + Level 15.2(14.8) Long Blades
 - Level 3.0(2.7) Throwing
 * Level 15.1(14.8) Dodging
 - Level 10.0(9.7) Stealth
 + Level 7.3(7.0) Shields
 * Level 4.9(4.6) Evocations


You had 15 spell levels left.
You didn't know any spells.
Your spell library contained the following spells:

 Spells                   Type           Power        Failure   Level  Hunger
 Beastly Appendage        Tmut           #.....       36%         1    ##.....
 Sticks to Snakes         Tmut           #.......     50%         2    ###....
 Spider Form              Tmut/Pois      #.........   75%         3    ####...
 Ice Form                 Ice/Tmut       #.......     98%         4    #####..
 Blade Hands              Tmut           #.........   100%        5    ######.
 Irradiate                Conj/Tmut      #.........   100%        5    ######.
 Hydra Form               Tmut           #.........   100%        6    #######
 Statue Form              Tmut/Erth      #........    100%        6    #######
 Dragon Form              Tmut           #.........   100%        7    #######


Dungeon Overview and Level Annotations

Branches:
Dungeon (15/15)            Temple (0/1) D:6            Lair (6/6) D:11
  Swamp (4/4) Lair:4       Spider (0/4) Lair:4        Slime (0/5) Lair:6
    Orc (2/2) D:12            Elf (0/3) Orc:2        Vaults (0/5) D:14
 Depths (1/5) D:15

Altars:
Cheibriados
Dithmenos
Makhleb
Nemelex Xobeh
Qazlal
Trog
Vehumet
Wu Jian
Xom
The Shining One

Shops:
D:5 !   Orc:2 ([%[

Portals:
Ziggurat: Depths:1

Annotations:
D:9 Flying potion needed
D:10 raetorn's ghost, journeyman FoFi
Depths:1 the Enchantress


Innate Abilities, Weirdness & Mutations

You can breathe blasts of noxious fumes.
Your lurid green scales are hard. (AC +9)
You cannot fit into any form of body armour.
Your tail ends in a poisonous barb.
Your system is resistant to poisons. (rPois)
You are cold-blooded and may be slowed by cold attacks.


Message History

Unknown command.
The spriggan defender misses you.
You feel sick.
The spriggan defender hits you with a +1 demon whip of venom.
* * * LOW HITPOINT WARNING * * *
The Enchantress gestures wildly while chanting.
You are more confused.
The spriggan air mage waves its arms in wide circles.
The air twists around and strikes you!
* * * LOW HITPOINT WARNING * * *
Your magical effects are unravelling.
You feel magically purged.
You feel less confused.
You feel less vulnerable to hostile enchantments.
You are no longer firmly anchored in space.
You feel sick.
The spriggan defender seems to regain its courage.
You block the spriggan defender's attack.
The spriggan rider hits you with a +0 long sword!
You die...

#.# ##..###..## .....!
####.####..##.##..####.....?
###....#....##.∩.##...........
(............##.##....<.......
...........i..###.............
...............#..............
...............i..............
....)..........iii............
....#.......##.i@#...#........
######.)....##################
##)....# #.....# ♣≈....≈#
#≈≈(P≈≈♣# #P≈P≈P≈≈# ##♣P≈≈≈##
#≈♣≈##


You could see the Enchantress, 2 spriggan defenders, a spriggan rider, a
spriggan air mage and a spriggan.

Vanquished Creatures
  Bai Suzhen (Swamp:3)
  Jorgrun (D:13)
  2 thorn hunters (Swamp:4)
  A ghoul (Swamp:3)
  Nessos (Orc:2)
  Snorg (Lair:6)
  A vault guard (D:14)
  Harold (Lair:1)
  Fannar (Lair:3)
  A ghost crab (Swamp:4)
  2 shambling mangroves
  19 hydras
  A centaur warrior (D:14)
  2 ogre magi (Orc:2)
  12 alligators
  12 two-headed ogres
  A dancing weapon (D:10)
  4 tengu warriors
  4 death yaks
  An orc high priest (Orc:2)
  A deep elf knight (Swamp:3)
  A spriggan berserker (Swamp:3)
  Urug (Lair:3)
  Sonja (Orc:2)
  Nergalle (Lair:1)
  An iron troll (Orc:2)
  2 unseen horrors
  11 swamp dragons
  A deep troll (Orc:2)
  A wizard (D:14)
  2 spriggan druids
  A necromancer (D:14)
  2 deep elf magi
  An orc knight (Orc:2)
  11 ugly things
  An orc sorcerer (Orc:1)
  3 cyclopes
  A salamander (D:15)
  6 elephants (Lair:4)
  A manticore (D:15)
  A gargoyle (D:11)
  A guardian serpent (shapeshifter) (D:15)
  A black mamba (Lair:4)
  36 spiny frogs
  7 komodo dragons
  5 rime drakes
  4 kobold demonologists (D:14)
  An efreet (D:15)
  A yaktaur (Depths:1)
  A queen bee (D:10)
  3 tengu conjurers
  11 trolls
  11 hornets
  24 blink frogs
  10 slime creatures
  16 bog bodies
  A polar bear (Lair:4)
  13 tyrant leeches
  2 dream sheep (D:10)
  9 hippogriffs
  2 water elementals
  5 wyverns
  4 shadows
  41 yaks
  4 wraiths
  A vampire (D:12)
  9 spriggans
  3 basilisks
  Eustachio (D:5)
  25 vampire mosquitoes
  3 hungry ghosts
  A warg (Orc:1)
  2 acid dragons (D:14)
  20 swamp worms
  The ghost of barcode the Shooter, an amateur TeAM (D:5)
  10 water moccasins
  14 insubstantial wisps
  2 ice beasts
  16 orc warriors
  16 swamp drakes
  6 porcupines
  An eye of draining (D:9)
  35 ogres
  5 necrophages
  4 sky beasts
  4 phantoms
  A boggart (D:15)
  22 centaurs
  43 wolves
  5 big kobolds
  10 crocodiles
  22 bullfrogs
  3 scorpions
  25 killer bees (D:10)
  2 howler monkeys
  6 electric eels
  5 crimson imps
  3 centaur zombies
  4 bullfrog zombies
  2 bullfrog skeletons
  14 jellies
  3 hounds
  15 orc priests
  13 orc wizards
  2 centaur skeletons
  2 hell rats (Lair:4)
  9 worker ants
  Natasha (thrice) (D:3)
  3 iguanas
  A hound zombie (D:5)
  A hound skeleton (D:11)
  A howler monkey zombie (D:5)
  2 worker ant zombies
  12 gnolls
  17 adders
  8 river rats (Lair:4)
  3 shadow imps
  2 oozes
  An adder zombie (D:5)
  An adder skeleton (D:7)
  2 worms
  3 dart slugs
  7 leopard geckos
  66 orcs
  6 giant cockroaches
  7 goblins
  8 hobgoblins
  8 jackals
  10 kobolds
  3 quokkas
  A ball python (D:2)
  8 bats (D:1)
  5 frilled lizards
  A leopard gecko skeleton (D:7)
  A quokka skeleton (D:7)
  14 rats
  2 butterflies (Lair:1)
  3 fungi
  5 plants
938 creatures vanquished.

Vanquished Creatures (collateral kills)
  An orc wizard (D:12)
  An orc (D:12)
2 creatures vanquished.

Vanquished Creatures (others)
  2 cyclopes (Orc:2)
  A troll (Orc:2)
  2 orc warriors (Orc:2)
  An ogre (Orc:2)
  2 orc wizards (Orc:2)
  5 orcs (Orc:2)
  2 fungi (Lair:6)
  35 plants
50 creatures vanquished.

Grand Total: 990 creatures vanquished

Notes
Turn   | Place    | Note
-------+----------+-------------------------------------------
     0 | D:1      | FishyPogo the Draconian Berserker began the quest for the
                  | Orb.
     0 | D:1      | Reached XP level 1. HP: 19/19 MP: 1/1
   151 | D:1      | Reached XP level 2. HP: 23/26 MP: 2/2
   639 | D:1      | Reached ** piety under Trog
   653 | D:1      | Reached XP level 3. HP: 22/33 MP: 3/3
   940 | D:2      | Reached skill level 4 in Fighting
  1372 | D:2      | Found a sparkling altar of Nemelex Xobeh.
  1455 | D:2      | Reached XP level 4. HP: 31/40 MP: 4/4
  1711 | D:4      | Noticed an ogre
  2021 | D:2      | Reached XP level 5. HP: 19/47 MP: 5/5
  2557 | D:3      | Reached skill level 5 in Fighting
  3236 | D:3      | Reached *** piety under Trog
  3277 | D:3      | Reached XP level 6. HP: 56/56 MP: 6/6
  3868 | D:4      | Noticed Natasha
  3959 | D:3      | Killed Natasha
  4081 | D:4      | Found an ornate altar of the Wu Jian Council.
  4086 | D:4      | Found a bloodstained altar of Trog.
  4087 | D:4      | Found a shadowy altar of Dithmenos.
  4087 | D:4      | Found a snail-covered altar of Cheibriados.
  4208 | D:3      | Noticed Natasha
  4217 | D:3      | Killed Natasha
  4217 | D:3      | Reached skill level 5 in Dodging
  4334 | D:3      | Noticed Natasha
  4346 | D:3      | Killed Natasha
  4346 | D:3      | Reached skill level 5 in Long Blades
  4346 | D:3      | Your scales start taking on a lurid green colour.
  4346 | D:3      | Reached XP level 7. HP: 60/61 MP: 7/7
  4346 | D:3      | Gained mutation: Your system is resistant to poisons.
                  | (rPois) [Green Draconian growth]
  4669 | D:5      | Entered Level 5 of the Dungeon
  4904 | D:5      | Noticed Eustachio
  4926 | D:5      | Killed Eustachio
  5000 | D:5      | Reached skill level 6 in Fighting
  5270 | D:5      | Noticed barcode's ghost (amateur TeAM)
  5274 | D:5      | Found a runed translucent door.
  5283 | D:5      | Found Yduag's Distillery.
  5301 | D:5      | Killed barcode's ghost
  5301 | D:5      | Reached XP level 8. HP: 58/70 MP: 8/8
  5412 | D:5      | Bought a potion of heal wounds for 65 gold pieces
  5453 | D:5      | Bought a potion of mutation for 104 gold pieces
  6249 | D:6      | Found a staircase to the Ecumenical Temple.
  6320 | D:6      | Reached skill level 7 in Fighting
  6771 | D:7      | Reached XP level 9. HP: 57/79 MP: 9/9
  7189 | D:7      | Reached skill level 1 in Shields
  7357 | D:7      | Found a burning altar of Makhleb.
  7357 | D:7      | Found a radiant altar of Vehumet.
  8191 | D:9      | Reached **** piety under Trog
  8322 | D:9      | Reached skill level 8 in Fighting
  8483 | D:9      | Reached XP level 10. HP: 83/88 MP: 10/10
  8829 | D:9      | Found a glowing golden altar of the Shining One.
  9179 | D:9      | Noticed a two-headed ogre
  9180 | D:9      | Noticed a two-headed ogre
  9185 | D:9      | Noticed a two-headed ogre
  9197 | D:9      | Killed a two-headed ogre
  9226 | D:9      | Killed a two-headed ogre
  9237 | D:9      | Killed a two-headed ogre
  9237 | D:9      | Reached skill level 9 in Fighting
  9279 | D:10     | Entered Level 10 of the Dungeon
  9472 | D:10     | Reached skill level 10 in Dodging
  9484 | D:10     | Found a runed translucent door.
  9484 | D:10     | Found a shimmering altar of Xom.
  9484 | D:10     | Noticed raetorn's ghost (journeyman FoFi)
  9484 | D:10     | Noticed a +1 dire flail of chaos
  9812 | D:10     | Reached XP level 11. HP: 54/97 MP: 7/11
 10259 | D:10     | Reached skill level 10 in Long Blades
 10560 | D:10     | Reached ***** piety under Trog
 10563 | D:10     | Reached skill level 10 in Fighting
 10702 | D:10     | Noticed a three-headed hydra
 10713 | D:10     | Killed a one-headed hydra
 10713 | D:10     | Reached skill level 1 in Throwing
 10797 | D:11     | Noticed a white ugly thing
 11486 | D:11     | Killed a white ugly thing
 11748 | D:11     | Reached skill level 11 in Fighting
 11914 | D:11     | Found a staircase to the Lair.
 12468 | D:12     | Found a staircase to the Orcish Mines.
 12555 | D:12     | Noticed a red ugly thing
 12577 | D:12     | Killed a red ugly thing
 12577 | D:12     | Received a gift from Trog
 12577 | D:12     | Reached XP level 12. HP: 42/110 MP: 3/12
 13375 | Orc:1    | Entered Level 1 of the Orcish Mines
 13694 | Orc:1    | Received a gift from Trog
 14097 | Orc:1    | Reached skill level 12 in Fighting
 14128 | Orc:1    | Received a gift from Trog
 14288 | Orc:2    | Entered Level 2 of the Orcish Mines
 14395 | Lair:1   | Entered Level 1 of the Lair of Beasts
 14782 | Lair:1   | Noticed Nergalle
 14793 | Lair:1   | Killed Nergalle
 14993 | Lair:1   | Reached skill level 13 in Fighting
 15792 | Lair:2   | Noticed Harold
 16268 | Lair:2   | Received a gift from Trog
 16365 | Lair:2   | Noticed a death yak
 16370 | Lair:2   | Noticed a death yak
 16382 | Lair:1   | Killed a death yak
 16382 | Lair:1   | Reached skill level 1 in Stealth
 16423 | Lair:2   | Noticed a death yak
 16425 | Lair:2   | Noticed a death yak
 16434 | Lair:1   | Killed Harold
 16440 | Lair:1   | Killed a death yak
 16665 | Lair:2   | Killed a death yak
 16665 | Lair:2   | Reached XP level 13. HP: 71/122 MP: 6/13
 17447 | Orc:2    | Noticed Sonja
 17686 | Orc:2    | Found a gateway to a bazaar.
 17696 | Orc:2    | Killed Sonja
 18217 | Orc:2    | Found a radiant altar of Vehumet.
 18306 | Orc:2    | Noticed Nessos
 18376 | Orc:2    | Killed Nessos
 18838 | Bazaar   | Entered a bazaar
 18842 | Bazaar   | Found Mugememp's Jewellery Emporium.
 18844 | Bazaar   | Found Ronazul's Antique Weapon Shoppe.
 18846 | Bazaar   | Noticed an ophan
 18849 | Bazaar   | Found Kikaisap's Assorted Antiques.
 18849 | Bazaar   | Found Emelaxor's Antique Armour Emporium.
 18877 | Bazaar   | Bought an iridescent falchion for 256 gold pieces
 18886 | Bazaar   | Bought a glowing tourmaline ring for 130 gold pieces
 18887 | Bazaar   | Identified the +10 falchion "Dragon's Tongue" {slice,
                  | *Noise +Fly rN+ Int+2} (You bought it in a shop in a
                  | bazaar)
 19885 | Orc:2    | Found a bloodstained altar of Trog.
 19906 | Orc:2    | Found Serotis's Armour Boutique.
 19907 | Orc:2    | Found Gienu's Antique Armour Shoppe.
 19915 | Orc:2    | Found Ciegil's Antique Weapon Emporium.
 19971 | Orc:2    | Reached skill level 14 in Fighting
 20078 | Orc:2    | Reached skill level 5 in Stealth
 21207 | Orc:2    | Found Hegery's Food Shoppe.
 21254 | Orc:2    | Bought a +1 hat for 143 gold pieces
 21286 | Orc:2    | Found a staircase to the Elven Halls.
 21696 | D:13     | Noticed Jorgrun
 22321 | D:13     | Killed Jorgrun
 22321 | D:13     | Gained mutation: Your tail ends in a poisonous barb. [Green
                  | Draconian growth]
 22321 | D:13     | Reached XP level 14. HP: 32/133 MP: 4/14
 23477 | Lair:3   | Noticed Fannar
 23747 | Lair:3   | Killed Fannar
 23852 | Lair:3   | Noticed Urug
 23881 | Lair:3   | Killed Urug
 24402 | Lair:4   | Received a gift from Trog
 24482 | Lair:4   | Reached skill level 15 in Fighting
 24689 | Lair:4   | Found a staircase to the Swamp.
 25173 | Lair:4   | Found a hole to the Spider Nest.
 25855 | Lair:5   | Found a stormy altar of Qazlal.
 26710 | Lair:6   | Entered Level 6 of the Lair of Beasts
 26740 | Lair:6   | Found a staircase to the Slime Pits.
 26746 | Lair:6   | Received a gift from Trog
 28296 | Lair:6   | Received a gift from Trog
 28461 | Lair:6   | Reached XP level 15. HP: 99/141 MP: 15/15
 28871 | Lair:6   | Noticed Snorg
 28882 | Lair:6   | Killed Snorg
 29239 | Swamp:1  | Entered Level 1 of the Swamp
 30868 | Swamp:2  | Reached skill level 16 in Fighting
 31516 | Swamp:2  | Received a gift from Trog
 32855 | D:14     | Found a burning altar of Makhleb.
 33887 | D:14     | Found a gate to the Vaults.
 34232 | D:15     | Entered Level 15 of the Dungeon
 34407 | D:15     | Reached skill level 10 in Stealth
 35324 | D:15     | Found a staircase to the Depths.
 35352 | D:15     | Reached skill level 1 in Evocations
 36114 | Swamp:3  | Reached XP level 16. HP: 132/152 MP: 17/17
 36152 | Swamp:3  | Received a gift from Trog
 36339 | Swamp:3  | Reached skill level 5 in Shields
 37337 | Swamp:3  | Identified the Collected Works on Orientation and Ice
 38304 | Swamp:4  | Entered Level 4 of the Swamp
 38575 | Swamp:4  | Noticed Bai Suzhen
 38627 | Swamp:4  | HP: 6/152 [Bai Suzhen/torrent of water (48)]
 39195 | Swamp:4  | Reached skill level 15 in Long Blades
 39255 | Swamp:3  | Killed Bai Suzhen
 39780 | Swamp:4  | Noticed a thorn hunter
 39797 | Swamp:4  | Noticed a thorn hunter
 39816 | Swamp:3  | Reached skill level 17 in Fighting
 40376 | Swamp:4  | Reached skill level 15 in Dodging
 40977 | Swamp:4  | Killed a thorn hunter
 41680 | Swamp:4  | Got a decaying rune of Zot
 41858 | Swamp:4  | Killed a thorn hunter
 42540 | Depths:1 | Entered Level 1 of the Depths
 42540 | Depths:1 | Found a gateway to a ziggurat.
 42602 | Depths:1 | Received a gift from Trog
 42616 | Depths:1 | Identified the +4 faerie dragon scales {*Corrode rElec rC-
                  | rCorr Stlth+}
 42616 | Depths:1 | Noticed the Enchantress
 42637 | Depths:1 | HP: 3/155 [spriggan air mage/the air[the Enchantress] (24)]
 42638 | Depths:1 | Slain by a spriggan rider

Skill      XL: |  1  2  3  4  5  6  7  8  9 10 11 12 13 14 15 16 |
---------------+-------------------------------------------------+-----
Dodging        | 3 4 5 6 7 8 10 11 12 13 14 15 | 15.1
Fighting       | 4 5 6 7 8 9 11 13 14 15 16 17 | 17.3
Long Blades    | 4 5 6 7 8 9 10 11 12 13 14 15 | 15.2
Shields        | 3 4 7 |  7.3
Throwing       | 3 |  3.0
Stealth        | 2 6 8 10 | 10.0
Evocations     | 2 4 |  4.9

Action                   |  1- 3 |  4- 6 |  7- 9 | 10-12 | 13-15 | 16-18 || total
-------------------------+-------+-------+-------+-------+-------+-------++-------
Melee: Falchion          |   112 |   112 |       |    13 |  1421 |   633 ||  2291
       Tailslap          |    11 |    24 |    57 |   130 |   328 |   158 ||   708
       Long sword        |       |    73 |   140 |       |       |       ||   213
       Scimitar          |       |       |   157 |   668 |   101 |       ||   926
Throw: Stone             |    35 |    23 |    83 |   133 |   233 |   112 ||   619
       Throwing net      |       |       |       |       |       |     2 ||     2
Invok: Berserk           |       |     3 |     1 |    11 |    14 |     6 ||    35
       Trog's Hand       |       |     3 |     7 |     3 |     8 |       ||    21
       Brothers in Arms  |       |       |       |     1 |     1 |       ||     2
 Abil: Breathe Noxious F |       |       |    23 |    24 |    52 |     6 ||   105
       Evoke Flight      |       |       |       |       |     8 |     3 ||    11
       Stop Flying       |       |       |       |       |     1 |       ||     1
Evoke: Wand              |       |       |     1 |     1 |     2 |     5 ||     9
       Lamp of fire      |       |       |       |       |     1 |       ||     1
  Use: Scroll            |       |     1 |     6 |     6 |     9 |     8 ||    30
       Potion            |       |       |     2 |     7 |     3 |     6 ||    18
 Stab: Sleeping          |     1 |     2 |     2 |     1 |     9 |     1 ||    16
       Confused          |       |       |     9 |    17 |    38 |       ||    64
       Distracted        |       |       |       |       |     5 |     1 ||     6
       Held in net/web   |       |       |       |       |       |     2 ||     2
  Eat: Chunk             |     2 |    13 |    23 |    38 |    68 |     8 ||   152
       Ration            |       |       |       |     1 |     7 |     6 ||    14
Armor: Skin              |    28 |    33 |    57 |   130 |   192 |   120 ||   560
Dodge: Dodged            |    79 |   123 |   236 |   518 |   902 |   514 ||  2372
Block: Buckler           |       |       |       |    51 |   270 |   168 ||   489
       Rpst.: Falchion   |    19 |    17 |       |     1 |   171 |    62 ||   270
       Long sword        |       |    13 |    25 |       |       |       ||    38
       Scimitar          |       |       |    33 |   153 |    27 |       ||   213
